 Dungeon Crawl Stone Soup version 0.24.0-1-gfbc8707 (webtiles) character file.

Game seed: 6293173834736474410, levelgen mode: deterministic

2954 AmazingTV the Cudgeler (level 9, -8/68 HPs)
             Began as a Demonspawn Berserker on Nov 13, 2019.
             Was an Elder of Trog.
             Mangled by an orc warrior
             ... wielding a +0 glaive
              (20 damage)
             ... on level 8 of the Dungeon.
             The game lasted 03:09:27 (6641 turns).

AmazingTV the Cudgeler (Demonspawn Berserker)       Turns: 6641, Time: 03:09:29

Health: -8/68      AC: 22    Str: 21    XL:     9   Next: 52%
Magic:  9/9        EV:  9    Int:  9    God:    Trog [****..]
Gold:   410        SH:  0    Dex: 24    Spells: 8/8 levels left

rFire    . . .     SeeInvis .   s - -3 long sword (curse)
rCold    . . .     Gourm    .   (no shield)
rNeg     + . .     Faith    .   r - +6 plate armour of Limitation {rN+ Str+3 Dex+5}
rPois    .         Spirit   .   A - +1 helmet
rElec    .         Reflect  .   (no cloak)
rCorr    .         Harm     .   V - -2 pair of gloves (curse)
MR       .....                  (no boots)
Stlth    ..........             (no amulet)
HPRegen  0.21/turn              x - +4 ring of protection
MPRegen  0.11/turn              H - +4 ring of dexterity

@: lethally poisoned (-8 -> -21), about to teleport
A: talons 2, powered by death 2
a: Berserk, Trog's Hand, Brothers in Arms, Renounce Religion


You were on level 8 of the Dungeon.
You worshipped Trog.
Trog was greatly pleased with you.
You were not hungry.

You visited 1 branch of the dungeon, and saw 8 of its levels.

You collected 575 gold pieces.
You spent 165 gold pieces at shops.

Inventory:

Hand Weapons
 a - a +1 mace
 d - a +0 short sword
 q - a +2 dagger of draining
 s - a cursed -3 long sword (weapon)
 u - a +0 hunting sling
 B - a +2 mace of crushing
 D - a +4 short sword
 L - a +1 flail of freezing
 T - a +0 shortbow
 W - a +5 battleaxe
 Z - a +0 war axe
Missiles
 h - 97 arrows
 y - a throwing net
 F - 36 poisoned darts
 K - 7 boomerangs of dispersal
 U - 2 boomerangs (quivered)
Armour
 m - a +0 ring mail
 r - the +6 plate armour of Limitation (worn) {rN+ Str+3 Dex+5}
   (You found it on level 7 of the Dungeon)

   It affects your strength (+3).
   It affects your dexterity (+5).
   It protects you from negative energy.
 A - a +1 helmet (worn)
 E - a +0 pair of gloves
 O - a +3 scale mail
 V - a cursed -2 pair of gloves (worn)
Magical Staves
 o - a cursed staff of wizardry {unknown}
 Q - an uncursed staff of death {unknown}
Jewellery
 f - a +3 ring of strength
 x - a +4 ring of protection (left hand)
 G - a +4 ring of evasion
 H - a +4 ring of dexterity (right hand)
 M - an uncursed ring of fire
 S - an uncursed ring of magical power
Wands
 w - a wand of disintegration (4)
 I - a wand of acid (10)
 J - a wand of flame (39)
Scrolls
 b - a scroll of magic mapping
 e - a scroll of remove curse
 i - 5 scrolls of identify
 n - a scroll of fear {unknown}
 z - 3 scrolls of teleportation
 C - 2 scrolls of blinking {unknown}
Potions
 g - 2 potions of agility
 j - a potion of cancellation {unknown}
 k - a potion of ambrosia {unknown}
 l - 2 potions of lignification {unknown}
 p - a potion of invisibility {unknown}
 t - a potion of brilliance {unknown}
 v - 2 potions of heal wounds
 N - a potion of mutation {unknown}
 P - a potion of might {unknown}
 R - 3 potions of haste {unknown}
 X - 2 potions of degeneration {unknown}
 Y - 2 potions of flight {unknown}
Comestibles
 c - 13 rations


   Skills:
 + Level 5.4 Fighting
 * Level 4.7(5.2) Short Blades
 + Level 2.8(4.2) Long Blades
 + Level 3.7(5.2) Axes
 + Level 5.7(6.3) Maces & Flails
 + Level 2.8 Throwing
 - Level 2.6 Armour
 * Level 4.9 Dodging
 * Level 4.2 Stealth
 + Level 0.3 Evocations


You had 8 spell levels left.
You didn't know any spells.
Your spell library contained the following spells:

 Spells                   Type           Power        Failure   Level  Hunger
 Sting                    Conj/Pois      #...         100%        1    ##.....
 Poisonous Vapours        Pois/Air       #.....       100%        2    ###....
 Mephitic Cloud           Conj/Pois/Air  #.......     100%        3    ####...
 Olgreb's Toxic Radiance  Pois           #.......     100%        4    #####..
 Venom Bolt               Conj/Pois      #.........   100%        5    ######.


Dungeon Overview and Level Annotations

Branches:
Dungeon (8/15)
 Temple: D:4-7         Lair: D:8-11

Altars:
Cheibriados
Hepliaklqana
Makhleb
The Shining One

Shops:
D:4 %   D:5 *   D:6 !


Innate Abilities, Weirdness & Mutations

You have razor-sharp toenails.
You regenerate health from kills.


Message History

You feel sick. Something hits you but does no damage.
The crimson imp blinks!
You hear some strange, mumbled words.
A magic dart appears from out of thin air!
The magic dart hits you.
* * * LOW HITPOINT WARNING * * *
You barely miss the orc warrior.
You claw the orc warrior, but do no damage.
The orc warrior is almost dead.
You feel sick.
The orc warrior hits you with a +0 glaive.
* * * LOW HITPOINT WARNING * * *
Something hits you but does no damage.
You are lethally poisoned!
As you read the scroll of teleportation, it crumbles to dust.
You feel strangely unstable.
* * * LOW HITPOINT WARNING * * *
You feel sick.
An orc wizard appears from thin air!
Reactivating autopickup.
The orc warrior hits you with a +0 glaive!!
You die...

.......# .# # .#######
###.### .#### .#
#######..)... ....##. .#
#.......#.# ........ ##
#.####...# #).......
##.##....## ##)...?....
#...#.#...###.# ..(...#
#..........#oo##......#
#.......##...@...# .#
##.##...###########.#
#####.#..[.# #...[.# .#
......#.#..####.<...##>##
...[..#.#...........#...###
...[.......####.....#.#...#
#######.#### #.....#...# #
#.# ###....)..#.# #.#
#.#####.#.#


You could see an orc warrior and an orc wizard.

Vanquished Creatures
  A human (D:8)
  An orc warrior (D:8)
  2 ice beasts
  2 phantoms
  2 ogres
  4 centaurs
  A big kobold (D:7)
  A gnoll sergeant (D:4)
  2 bullfrogs
  A wyvern zombie (D:7)
  A scorpion (D:7)
  3 killer bees (D:8)
  4 wights (D:8)
  2 howler monkeys
  2 crimson imps
  A bullfrog zombie (D:6)
  A centaur zombie (D:8)
  5 hounds
  A jelly (D:8)
  4 orc priests
  4 orc wizards
  2 bullfrog skeletons
  Ijyb (D:3)
  An iguana (D:7)
  4 worker ants
  A killer bee zombie (D:7)
  Robin (D:3)
  2 worker ant zombies
  10 gnolls
  11 adders
  A howler monkey skeleton (D:6)
  An ooze (D:1)
  An adder skeleton (D:4)
  4 worms
  2 leopard geckos
  17 orcs
  4 giant cockroaches
  12 goblins
  12 hobgoblins
  8 jackals
  4 quokkas
  9 bats
  3 frilled lizards
  A jackal skeleton (D:4)
  15 kobolds
  A leopard gecko skeleton (D:4)
  7 rats
180 creatures vanquished.

Notes
Turn   | Place    | Note
-------+----------+-------------------------------------------
     0 | D:1      | AmazingTV the Demonspawn Berserker began the quest for the
                  | Orb.
     0 | D:1      | Reached XP level 1. HP: 18/18 MP: 1/1
   134 | D:1      | Gained mutation: You regenerate a little health from kills.
                  | [demonic ancestry]
   134 | D:1      | Reached XP level 2. HP: 12/24 MP: 2/2
   242 | D:1      | Reached ** piety under Trog
   699 | D:1      | Reached XP level 3. HP: 29/29 MP: 3/3
  1245 | D:2      | Found a burning altar of Makhleb.
  1252 | D:2      | Reached skill level 1 in Short Blades
  1252 | D:2      | Gained mutation: You have sharp toenails. [demonic
                  | ancestry]
  1252 | D:2      | Reached XP level 4. HP: 33/35 MP: 4/4
  1706 | D:3      | Reached XP level 5. HP: 30/41 MP: 5/5
  1854 | D:3      | Noticed Ijyb
  1862 | D:3      | Killed Ijyb
  2036 | D:3      | Noticed Robin
  2053 | D:3      | Killed Robin
  2409 | D:5      | Entered Level 5 of the Dungeon
  2518 | D:5      | Reached XP level 6. HP: 48/48 MP: 6/6
  3010 | D:5      | Found Patorgh's General Store.
  3132 | D:5      | Bought a scroll of remove curse for 45 gold pieces
  3263 | D:5      | Found a glowing golden altar of the Shining One.
  3460 | D:4      | Reached skill level 1 in Stealth
  3460 | D:4      | Reached XP level 7. HP: 47/54 MP: 7/7
  3480 | D:4      | Reached *** piety under Trog
  3616 | D:4      | Found Ykynik Omuyt's Food Boutique.
  3676 | D:4      | Bought a ration for 60 gold pieces
  3676 | D:4      | Bought a ration for 60 gold pieces
  3895 | D:4      | Reached skill level 5 in Maces & Flails
  4004 | D:4      | Reached skill level 1 in Axes
  4320 | D:6      | Found Siyp Ry Rou's Distillery.
  4329 | D:6      | Reached skill level 1 in Throwing
  4682 | D:6      | Found a hazy altar of Hepliaklqana.
  4944 | D:6      | Found a snail-covered altar of Cheibriados.
  4958 | D:6      | Gained mutation: You regenerate health from kills. [demonic
                  | ancestry]
  4958 | D:6      | Reached XP level 8. HP: 60/61 MP: 8/8
  5204 | D:7      | Reached **** piety under Trog
  5215 | D:7      | Received a gift from Trog
  5384 | D:7      | Got a dazzling plate armour
  5580 | D:7      | Identified the +6 plate armour of Limitation {rN+ Str+3
                  | Dex+5} (You found it on level 7 of the Dungeon)
  5801 | D:8      | Reached skill level 5 in Fighting
  5928 | D:8      | Gained mutation: You have razor-sharp toenails. [demonic
                  | ancestry]
  5928 | D:8      | Reached XP level 9. HP: 67/68 MP: 9/9
  6179 | D:8      | Reached skill level 1 in Long Blades
  6641 | D:8      | Mangled by an orc warrior

Levels and vault maps discovered:
D:1:      dpeg_arrival_shrine, layout_basic
D:2:      lemuel_upstairs_altar, layout_basic, makhleb_heckhound_becter,
          first_ration, minmay_close_crescents
D:3:      layout_basic, uniq_ijyb, uniq_robin
D:4:      layout_basic, serial_shops, shop, lightli_minifort
D:5:      layout_loops_corners, kennysheep_mini, temple_green, serial_shops,
          shop
D:6:      layout_cave_pods, nicolae_overflow_crystal_walls,
          overflow_temple_1_default, serial_shops, shop
D:7:      layout_basic
D:8:      layout_loops_cross, grunt_pizzeria

Skill      XL: |  1  2  3  4  5  6  7  8  9 |
---------------+----------------------------+-----
Dodging        | 2 3 4 |  4.9
Maces & Flails | 3 4 5 |  5.7
Armour         | 2 |  2.6
Short Blades   | 1 2 3 4 |  4.7
Fighting       | 4 5 |  5.4
Stealth        | 1 2 3 4 |  4.2
Axes           | 1 3 |  3.7
Throwing       | 1 2 |  2.8
Long Blades    | 2 |  2.8
Evocations     | |  0.3

Action                   |  1- 3 |  4- 6 |  7- 9 || total
-------------------------+-------+-------+-------++-------
Melee: Mace              |    72 |    92 |    78 ||   242
       Dagger            |    68 |    50 |    14 ||   132
       Kick              |       |    43 |   162 ||   205
       Unarmed           |       |     3 |       ||     3
       War axe           |       |       |    68 ||    68
       Long sword        |       |       |   142 ||   142
 Fire: Shortbow          |       |       |     5 ||     5
Throw: Stone             |     5 |     4 |       ||     9
       Boomerang         |       |       |    54 ||    54
Invok: Berserk           |       |     2 |     3 ||     5
Evoke: Wand              |       |       |     3 ||     3
  Use: Scroll            |       |     8 |     2 ||    10
       Potion            |       |       |     2 ||     2
 Stab: Sleeping          |     1 |       |     1 ||     2
  Eat: Ration            |     1 |     2 |     4 ||     7
Armor: Animal skin       |    22 |       |       ||    22
       Ring mail         |    34 |    45 |    15 ||    94
       Scale mail        |       |       |    57 ||    57
       Plate armour      |       |       |   138 ||   138
Dodge: Dodged            |   134 |    69 |   209 ||   412
       Rpst.: Long sword |       |       |    24 ||    24
